| TOP OF THE 1ST |
|
Acapulco Locos batting - Pitching for Managua Lagoon Monsters : RHP Danny Ruiz
|
|
Pitching: RHP Danny Ruiz
|
|
|
Batting: RHB Dave Wilder
|
0-0: SINGLE (Flyball, 89S, EV 93.1 MPH)
|
|
Batting: RHB Enrique Collado
|
0-0: Ball 1-0: Called Strike 1-1: Foul Ball, location: 2F 1-2: Ball 2-2: Hit by Pitch Dave Wilder to second
|
|
Batting: RHB Jim Maler
|
0-0: Ball 1-0: SINGLE (Line Drive, 89M, EV 100.6 MPH) Dave Wilder to third Enrique Collado to second
|
|
Batting: RHB Gary Skow
|
0-0: Ball 1-0: Foul Ball, location: 2F 1-1: Foul Ball, location: 2F 1-2: Strikes out swinging
|
|
Batting: RHB Jorge Martinez
|
0-0: Fly out, F4 (Popup, 4S, EV 70.0 MPH)
|
|
Batting: RHB Steven Trumbauer
|
0-0: SINGLE (Line Drive, 34D, EV 95.0 MPH) Dave Wilder scores Enrique Collado to third Jim Maler to second Runner from 3rd tries for Home, SAFE, throw by RF to home
|
|
Batting: RHB Daniel Purpura
|
0-0: Ball 1-0: Foul Ball, location: 2F 1-1: Foul Ball, location: 2F 1-2: Strikes out looking
|
| Top of the 1st over - 2 runs, 3 hits, 0 errors, 2 left on base; Acapulco 2 - Managua 0 |
| BOTTOM OF THE 1ST |
|
Managua Lagoon Monsters batting - Pitching for Acapulco Locos : RHP Chuck Crim
|
|
Pitching: RHP Chuck Crim
|
|
|
Batting: LHB John Elway
|
0-0: Fly out, F9 (Flyball, 89M, EV 85.6 MPH)
|
|
Batting: RHB Ivan Calderon
|
0-0: Ball 1-0: Swinging Strike 1-1: Foul Ball, location: 2F 1-2: Fly out, F3 (Popup, 3SF, EV 83.1 MPH)
|
|
Batting: LHB Tom Lombarski
|
0-0: Ball 1-0: Foul Ball, location: 2F 1-1: Swinging Strike 1-2: Strikes out looking
|
| Bottom of the 1st over - 0 runs, 0 hits, 0 errors, 0 left on base; Acapulco 2 - Managua 0 |
| TOP OF THE 2ND |
|
Acapulco Locos batting - Pitching for Managua Lagoon Monsters : RHP Danny Ruiz
|
|
Batting: LHB Wilson Tucker
|
0-0: Foul Ball, location: 2F 0-1: Swinging Strike 0-2: Foul Ball, location: 2F 0-2: Foul Ball, location: 2F 0-2: Ball 1-2: Ball 2-2: Ground out 6-3 (Groundball, 6, EV 86.9 MPH)
|
|
Batting: RHB Jackie Gutierrez
|
0-0: Ground out 4-3 (Groundball, 4, EV 80.6 MPH)
|
|
Batting: RHB Dave Wilder
|
0-0: Called Strike 0-1: Foul Ball, location: 2F 0-2: Ball 1-2: Ball 2-2: Foul Ball, location: 2F 2-2: Ball 3-2: Strikes out looking
|
| Top of the 2nd over - 0 runs, 0 hits, 0 errors, 0 left on base; Acapulco 2 - Managua 0 |
| BOTTOM OF THE 2ND |
|
Managua Lagoon Monsters batting - Pitching for Acapulco Locos : RHP Chuck Crim
|
|
Batting: LHB Lee Pruitt
|
0-0: Ball 1-0: Ball 2-0: Called Strike 2-1: DOUBLE (Groundball, 5L, EV 96.9 MPH)
|
|
Batting: LHB Willie Gonzalez
|
0-0: Ball 1-0: SINGLE (Line Drive, 8RS, EV 91.9 MPH) Lee Pruitt to third
|
|
Batting: LHB Dan Pasqua
|
0-0: Ball 1-0: Called Strike 1-1: Fly out, F6 (Popup, 6S, EV 75.0 MPH)
|
|
Batting: LHB John D Morris
|
0-0: Ball 1-0: Swinging Strike 1-1: Ball 2-1: Ball 3-1: Foul Ball, location: 2F 3-2: Base on Balls Willie Gonzalez to second
|
|
Batting: LHB Gary Varsho
|
0-0: Ball 1-0: Ball 2-0: Ball 3-0: Base on Balls Lee Pruitt scores Willie Gonzalez to third John D Morris to second
|
|
Batting: LHB Matt Nokes
|
0-0: Foul Ball, location: 2F 0-1: Ground out U3 (Groundball, 34S, EV 70.0 MPH) Willie Gonzalez scores John D Morris to third Gary Varsho to second
|
|
Batting: LHB John Elway
|
0-0: Ball 1-0: Foul Ball, location: 2F 1-1: Foul Ball, location: 2F 1-2: Ball 2-2: Ball 3-2: Base on Balls
|
|
Batting: RHB Ivan Calderon
|
0-0: Ball 1-0: Swinging Strike 1-1: Foul Ball, location: 2F 1-2: Ball 2-2: Ground out 3-1 (Groundball, 13, EV 81.3 MPH)
|
| Bottom of the 2nd over - 2 runs, 2 hits, 0 errors, 3 left on base; Acapulco 2 - Managua 2 |
| TOP OF THE 3RD |
|
Acapulco Locos batting - Pitching for Managua Lagoon Monsters : RHP Danny Ruiz
|
|
Batting: RHB Enrique Collado
|
0-0: Called Strike 0-1: Ball 1-1: Swinging Strike 1-2: Ball 2-2: SINGLE (Groundball, 5D, EV 103.1 MPH)
|
|
Batting: RHB Jim Maler
|
0-0: Foul Ball, location: 2F 0-1: Called Strike 0-2: Strikes out swinging
|
|
Batting: RHB Gary Skow
|
0-0: Called Strike 0-1: Called Strike 0-2: Strikes out swinging
|
|
Batting: RHB Jorge Martinez
|
0-0: Ball 1-0: SINGLE (Groundball, 34D, EV 95.0 MPH) Enrique Collado to second Runner from 2nd tries for 3rd, SAFE, throw by RF made to third
|
|
Batting: RHB Steven Trumbauer
|
0-0: Foul Ball, location: 2F 0-1: Foul Ball, location: 2F 0-2: Foul Ball, location: 2F 0-2: Ball 1-2: Strikes out swinging
|
| Top of the 3rd over - 0 runs, 2 hits, 0 errors, 2 left on base; Acapulco 2 - Managua 2 |
| BOTTOM OF THE 3RD |
|
Managua Lagoon Monsters batting - Pitching for Acapulco Locos : RHP Chuck Crim
|
|
Batting: LHB Tom Lombarski
|
0-0: Called Strike 0-1: Swinging Strike 0-2: Ball 1-2: Strikes out swinging
|
|
Batting: LHB Lee Pruitt
|
0-0: Ball 1-0: Ball 2-0: Ball 3-0: Base on Balls
|
|
Batting: LHB Willie Gonzalez
|
0-0: Swinging Strike 0-1: Ball 1-1: Foul Ball, location: 2F 1-2: Foul Ball, location: 2F 1-2: Ball 2-2: Strikes out swinging
|
|
Batting: LHB Dan Pasqua
|
0-0: Called Strike 0-1: Foul Ball, location: 2F 0-2: Ball 1-2: Fly out, F6 (Popup, 6MD, EV 71.9 MPH)
|
| Bottom of the 3rd over - 0 runs, 0 hits, 0 errors, 1 left on base; Acapulco 2 - Managua 2 |
| TOP OF THE 4TH |
|
Acapulco Locos batting - Pitching for Managua Lagoon Monsters : RHP Danny Ruiz
|
|
Batting: RHB Daniel Purpura
|
0-0: Foul Ball, location: 2F 0-1: Ball 1-1: Ground out 5-3 (Groundball, 56, EV 102.5 MPH)
|
|
Batting: LHB Wilson Tucker
|
0-0: Ball 1-0: Ball 2-0: Called Strike 2-1: Ground out 1-3 (Groundball, 13S, EV 76.9 MPH)
|
|
Batting: RHB Jackie Gutierrez
|
0-0: Fly out, F4 (Popup, 3DF, EV 50.6 MPH)
|
| Top of the 4th over - 0 runs, 0 hits, 0 errors, 0 left on base; Acapulco 2 - Managua 2 |
| BOTTOM OF THE 4TH |
|
Managua Lagoon Monsters batting - Pitching for Acapulco Locos : RHP Chuck Crim
|
|
Batting: LHB John D Morris
|
0-0: Ball 1-0: Ball 2-0: Foul Ball, location: 2F 2-1: Ball 3-1: Base on Balls
|
|
Batting: LHB Gary Varsho
|
0-0: Ball 1-0: Called Strike 1-1: Ball 2-1: Ball 3-1: SINGLE (Flyball, 89S, EV 95.6 MPH) John D Morris to second Runner from 2nd tries for 3rd, OUT! 9-5
|
|
Batting: LHB Matt Nokes
|
0-0: Ball 1-0: Foul Ball, location: 2F 1-1: Ball 2-1: Called Strike 2-2: Foul Ball, location: 2F 2-2: Foul Ball, location: 2F 2-2: Fly out, F4 (Flyball, 34D, EV 70.6 MPH)
|
|
Batting: LHB John Elway
|
0-0: Ball Gary Varsho is caught stealing 2nd base 2-6
|
| Bottom of the 4th over - 0 runs, 1 hit, 0 errors, 0 left on base; Acapulco 2 - Managua 2 |
| TOP OF THE 5TH |
|
Acapulco Locos batting - Pitching for Managua Lagoon Monsters : RHP Danny Ruiz
|
|
Batting: RHB Dave Wilder
|
0-0: Called Strike 0-1: Ball 1-1: Ball 2-1: Swinging Strike 2-2: Strikes out swinging
|
|
Batting: RHB Enrique Collado
|
0-0: Called Strike 0-1: Ball 1-1: Ball 2-1: Fly out, F7 (Flyball, 7S, EV 90.0 MPH)
|
|
Batting: RHB Jim Maler
|
0-0: Called Strike 0-1: Swinging Strike 0-2: Ball 1-2: Ball 2-2: Strikes out swinging
|
| Top of the 5th over - 0 runs, 0 hits, 0 errors, 0 left on base; Acapulco 2 - Managua 2 |
| BOTTOM OF THE 5TH |
|
Managua Lagoon Monsters batting - Pitching for Acapulco Locos : RHP Chuck Crim
|
|
Batting: LHB John Elway
|
0-0: Called Strike 0-1: Foul Ball, location: 2F 0-2: Ball 1-2: Strikes out swinging
|
|
Batting: RHB Ivan Calderon
|
0-0: Ball 1-0: Called Strike 1-1: Ball 2-1: Foul Ball, location: 2F 2-2: Fly out, F8 (Line Drive, 8RM, EV 91.9 MPH)
|
|
Batting: LHB Tom Lombarski
|
0-0: Foul Ball, location: 2F 0-1: Hit by Pitch
|
|
Batting: LHB Lee Pruitt
|
0-0: Ball 1-0: Swinging Strike 1-1: Ball 2-1: Swinging Strike 2-2: Strikes out swinging
|
| Bottom of the 5th over - 0 runs, 0 hits, 0 errors, 1 left on base; Acapulco 2 - Managua 2 |
| TOP OF THE 6TH |
|
Acapulco Locos batting - Pitching for Managua Lagoon Monsters : RHP Danny Ruiz
|
|
Batting: RHB Gary Skow
|
0-0: Foul Ball, location: 2F 0-1: Swinging Strike 0-2: Foul Ball, location: 2F 0-2: Strikes out swinging
|
|
Batting: RHB Jorge Martinez
|
0-0: Fly out, F9 (Flyball, 9LS, EV 87.5 MPH)
|
|
Batting: RHB Steven Trumbauer
|
0-0: Called Strike 0-1: Foul Ball, location: 2F 0-2: Strikes out looking
|
| Top of the 6th over - 0 runs, 0 hits, 0 errors, 0 left on base; Acapulco 2 - Managua 2 |
| BOTTOM OF THE 6TH |
|
Managua Lagoon Monsters batting - Pitching for Acapulco Locos : RHP Chuck Crim
|
|
Batting: LHB Willie Gonzalez
|
0-0: Ball 1-0: Fly out, F6 (Popup, 6MS, EV 71.9 MPH)
|
|
Batting: LHB Dan Pasqua
|
0-0: Foul Ball, location: 2F 0-1: Ball 1-1: Ground out 6-3 (Groundball, 6, EV 93.1 MPH)
|
|
Batting: LHB John D Morris
|
0-0: Called Strike 0-1: Ball 1-1: Fly out, F7 (Flyball, 7, EV 83.1 MPH)
|
| Bottom of the 6th over - 0 runs, 0 hits, 0 errors, 0 left on base; Acapulco 2 - Managua 2 |
| TOP OF THE 7TH |
|
Acapulco Locos batting - Pitching for Managua Lagoon Monsters : RHP Danny Ruiz
|
|
Batting: RHB Daniel Purpura
|
0-0: Ball 1-0: Ground out 5-3 (Groundball, 56, EV 103.1 MPH)
|
|
Batting: LHB Wilson Tucker
|
0-0: Ball 1-0: Ball 2-0: Ground out 6-3 (Groundball, 6, EV 105.0 MPH)
|
|
Batting: RHB Jackie Gutierrez
|
0-0: Ground out 2-3 (Groundball, 15S, EV 67.5 MPH)
|
| Top of the 7th over - 0 runs, 0 hits, 0 errors, 0 left on base; Acapulco 2 - Managua 2 |
| BOTTOM OF THE 7TH |
|
Managua Lagoon Monsters batting - Pitching for Acapulco Locos : RHP Chuck Crim
|
|
Batting: LHB Gary Varsho
|
0-0: Ball 1-0: SINGLE (Line Drive, 7S, EV 95.0 MPH)
|
|
Batting: LHB Matt Nokes
|
0-0: Ball 1-0: Swinging Strike 1-1: Ball 2-1: Ball 3-1: Fly out, F7 (Flyball, 7S, EV 90.0 MPH)
|
|
Batting: LHB John Elway
|
0-0: Ball 1-0: Foul Ball, location: 2F 1-1: Foul Ball, location: 2F 1-2: Ball Gary Varsho steals 2nd base 2-2: Foul Ball, location: 2F 2-2: Foul Ball, location: 2F 2-2: Ball 3-2: Ground out 6-3 (Groundball, 56D, EV 87.5 MPH)
|
|
Batting: RHB Ivan Calderon
|
0-0: Swinging Strike 0-1: Swinging Strike 0-2: Strikes out swinging
|
| Bottom of the 7th over - 0 runs, 1 hit, 0 errors, 1 left on base; Acapulco 2 - Managua 2 |
| TOP OF THE 8TH |
|
Acapulco Locos batting - Pitching for Managua Lagoon Monsters : RHP Danny Ruiz
|
|
Batting: RHB Dave Wilder
|
0-0: Foul Ball, location: 2F 0-1: Ball 1-1: Ball 2-1: Foul Ball, location: 2F 2-2: Ground out 6-3 (Groundball, 6, EV 89.4 MPH)
|
|
Batting: RHB Enrique Collado
|
0-0: Ball 1-0: SINGLE (Groundball, 6D, EV 102.5 MPH)
|
|
Batting: RHB Jim Maler
|
0-0: Foul Ball, location: 2F 0-1: Ball 1-1: Ball 2-1: Fly out, F8 (Flyball, 8LD, EV 105.0 MPH)
|
|
Batting: RHB Gary Skow
|
0-0: Called Strike 0-1: Foul Ball, location: 2F 0-2: Ball 1-2: Strikes out looking
|
| Top of the 8th over - 0 runs, 1 hit, 0 errors, 1 left on base; Acapulco 2 - Managua 2 |
| BOTTOM OF THE 8TH |
|
Managua Lagoon Monsters batting - Pitching for Acapulco Locos : RHP Chuck Crim
|
|
Batting: LHB Tom Lombarski
|
0-0: Ball 1-0: Ball 2-0: SINGLE (Line Drive, 78M, EV 100.6 MPH)
|
|
Batting: LHB Lee Pruitt
|
0-0: Ball 1-0: Foul Ball, location: 2F 1-1: Ball 2-1: Called Strike 2-2: Foul Ball, location: 2F 2-2: Foul Ball, location: 2F 2-2: Ball 3-2: Foul Ball, location: 2F 3-2: Foul Ball, location: 2F 3-2: Base on Balls Tom Lombarski to second
|
|
Batting: LHB Willie Gonzalez
|
0-0: Ball 1-0: SINGLE (Groundball, 34D, EV 102.5 MPH) Tom Lombarski to third Lee Pruitt to second Runner from 3rd tries for Home, throw by RF and OUT! 9-2
|
|
Pinch Runner at 2nd Mark Carreon:
|
|
|
Batting: LHB Dan Pasqua
|
0-0: Called Strike 0-1: SINGLE (Groundball, 15S, EV 73.1 MPH) (infield hit) Mark Carreon to third Willie Gonzalez to second
|
|
Batting: LHB John D Morris
|
0-0: Ball 1-0: Foul Ball, location: 2F 1-1: Foul Ball, location: 2F 1-2: Ball 2-2: Ball 3-2: Foul Ball, location: 2F 3-2: Foul Ball, location: 2F 3-2: Base on Balls Mark Carreon scores Willie Gonzalez to third Dan Pasqua to second
|
|
Batting: LHB Gary Varsho
|
0-0: Called Strike 0-1: Foul Ball, location: 2F 0-2: Ball 1-2: Strikes out swinging
|
|
Batting: LHB Matt Nokes
|
0-0: Ball 1-0: Called Strike 1-1: Ball 2-1: Ball 3-1: Base on Balls Willie Gonzalez scores Dan Pasqua to third John D Morris to second
|
|
Batting: LHB John Elway
|
0-0: Ball 1-0: Foul Ball, location: 2F 1-1: Foul Ball, location: 2F 1-2: Foul Ball, location: 2F 1-2: Foul Ball, location: 2F 1-2: Fly out, F8 (Flyball, 8LD, EV 93.1 MPH)
|
| Bottom of the 8th over - 2 runs, 3 hits, 0 errors, 3 left on base; Acapulco 2 - Managua 4 |
| TOP OF THE 9TH |
|
Acapulco Locos batting - Pitching for Managua Lagoon Monsters : RHP Danny Ruiz
|
|
Pitching: RHP Tom Niedenfuer
|
|
|
Now at 1B: Ray Ortega
|
|
|
Now at 3B: Ed Hearn
|
|
|
Now in LF: Mark Carreon
|
|
|
Batting: RHB Jorge Martinez
|
0-0: Called Strike 0-1: Swinging Strike 0-2: Ball 1-2: Fly out, F9 (Flyball, 9, EV 80.6 MPH)
|
|
Batting: RHB Steven Trumbauer
|
0-0: Ball 1-0: Foul Ball, location: 2F 1-1: Ground out 5-3 (Groundball, 56, EV 100.6 MPH)
|
|
Batting: RHB Daniel Purpura
|
0-0: Called Strike 0-1: Ball 1-1: Called Strike 1-2: Foul Ball, location: 2F 1-2: Strikes out swinging
|
| Top of the 9th over - 0 runs, 0 hits, 0 errors, 0 left on base; Acapulco 2 - Managua 4 |
|